 Dungeon Crawl Stone Soup version 0.28-a0-1339-ga5422284a4 (webtiles) character file.

Game seed: 5500682781229166253

11 ytrimaz the Insei (level 2, -3/18 HPs)
             Began as an Octopode Transmuter on Dec 29, 2021.
             Slain by a quokka (5 damage)
             ... on level 1 of the Dungeon.
             The game lasted 00:00:31 (423 turns).

ytrimaz the Insei (Octopode Transmuter)              Turns: 423, Time: 00:00:32

Health: -3/18      AC:  1    Str:  9    XL:     2   Next: 25%
Magic:  5/5        EV: 13    Int: 15    God:
Gold:   24         SH:  0    Dex: 12    Spells: 2/5 levels left

rFire   . . .      SeeInvis .     - Unarmed
rCold   . . .      Faith    .   (no shield)
rNeg    . . .      Spirit   .   (helmet currently unavailable)
rPois   .          Reflect  .   (no amulet)
rElec   .          Harm     .   (no ring)
rCorr   .          Rampage  .   (no ring)
Will    .....                   (no ring)
Stlth   ++........              (no ring)
HPRegen 0.06/turn               (no ring)
MPRegen 0.09/turn               (no ring)
                                (no ring)
                                (no ring)

@: appendages (expiring)
A: tentacle spike 3, almost no armour, amphibious, 8 rings, camouflage 1,
gelatinous body 1, (nimble swimmer 1), tentacles
a: End Transformation


You were on level 1 of the Dungeon.
One of your tentacles had grown a beastly spike.
You visited 1 branch of the dungeon, and saw 1 of its levels.

You collected 24 gold pieces.

Inventory:

Scrolls
 a - 2 scrolls of teleportation {unknown}
 b - a scroll of amnesia {unknown}
 c - a scroll of blinking {unknown}


   Skills:
 * Level 1.2 Fighting
 * Level 2.1 Dodging
 + Level 3.1 Unarmed Combat
 * Level 2.1 Spellcasting
 * Level 2.1 Transmutations


You had 2 spell levels left.
You knew the following spells:

 Your Spells              Type           Power      Damage    Failure   Level
a - Beastly Appendage     Tmut           16%        N/A       9%          1
b - Wereblood             Tmut           8%         N/A       14%         2

Your spell library contained the following spells:

 Spells                   Type           Power      Damage    Failure   Level
 Spider Form              Tmut/Pois      4%         N/A       38%         3
 Ice Form                 Ice/Tmut       4%         N/A       80%         4


Dungeon Overview and Level Annotations

Branches:
Dungeon (1/15)

Altars:


Innate Abilities, Weirdness & Mutations

One of your tentacles has grown a beastly spike.
You cannot wear most types of armour.
You are amphibious.
You can wear up to eight rings at the same time.
Your skin changes colour to match your surroundings (Stealth+).
Your rubbery body absorbs attacks. (AC +1, EV +1)
((You are camouflaged when in or above water. (Stealth+)))
You have tentacles for arms and can constrict up to eight enemies at once.


Message History

A hobgoblin comes into view.
Found a scroll labelled EPEXTEWKIU.
You tentacle-slap the quokka but do no damage.
You grab the quokka.
Your tentacle spike misses the quokka.
You constrict the quokka.
The quokka bites you but does no damage.
The quokka bites you.
You barely miss the quokka.
The quokka is lightly wounded.
You constrict the quokka.
The hobgoblin shouts!
A quokka comes into view.
The quokka barely misses you.
You tentacle-slap the quokka.
You pierce the quokka.
You kill the quokka!
You see here a quokka corpse.
A kobold comes into view. It is wielding a +0 club.
The kobold moves out of view.
You barely miss the hobgoblin. Your grab misses the hobgoblin.
Your transformation is almost over.
The hobgoblin hits you.
You barely miss the hobgoblin. Your grab misses the hobgoblin.
The quokka bites you.
You tentacle-slap the hobgoblin. You grab the hobgoblin.
The hobgoblin is moderately wounded.
You constrict the hobgoblin. The quokka barely misses you.
The hobgoblin hits you. The quokka closely misses you.
You tentacle-slap the quokka but do no damage.
Your grab misses the quokka.
You pierce the quokka.
The quokka is heavily wounded.
You constrict the hobgoblin. The hobgoblin barely misses you.
The quokka bites you.
* * * LOW HITPOINT WARNING * * *
You tentacle-slap the quokka but do no damage.
Your grab misses the quokka.
Your tentacle spike misses the quokka.
The quokka is heavily wounded.
You constrict the hobgoblin.
You kill the hobgoblin!
The quokka bites you.
You die...

##........#######.....
###.#......####...#. .
#..#.≈≈.###......#.
..####..#.≈≈.#...#....##
.....#..#....#.<.#....#
...#....#....#...#.≈≈.#
........#......###.≈≈.#
##....#...#### .....#
#...†@†...# ###....
#.....r.(...... ......
.......?.####### .....
##.......# #.......#
#?....... #.......#
#.......#


You could see a quokka.

Vanquished Creatures
  A bat (D:1)
  2 goblins (D:1)
  3 hobgoblins (D:1)
  2 kobolds (D:1)
  A quokka (D:1)
  A ball python (D:1)
10 creatures vanquished.

Notes
Turn   | Place    | Note
-------+----------+-------------------------------------------
     0 | D:1      | ytrimaz the Octopode Transmuter began the quest for the
                  | Orb.
     0 | D:1      | Reached XP level 1. HP: 13/13 MP: 3/3
   207 | D:1      | Reached XP level 2. HP: 12/18 MP: 3/5
   210 | D:1      | Learned a level 2 spell: Wereblood
   423 | D:1      | Slain by a quokka

Illustrated notes

Levels and vault maps discovered:
D:1:      amcnicky_arrival_double_pillar, layout_rooms

Action                   || total
-------------------------++-------
Melee: Unarmed           ||    21
       Constrict         ||     7
       Kick              ||     7
 Cast: Beastly Appendage ||     7
Armor: Skin              ||     1
Dodge: Dodged            ||    15

Table legend: (Time is in decaauts)
 A = Elapsed time spent in this place.
 B = Non-inter-level travel time spent in this place.
 C = Inter-level travel time spent in this place.
 D = Time resting spent in this place.
 E = Time spent auto-exploring this place.
 F = Levels seen in this place.
 G = Mean time per level.
                   A        B        C        D        E       F      G
               +--------+--------+--------+--------+--------+-----+--------+
         Total |    421 |    421 |      0 |      0 |    338 |   1 |  421.0 |
       Dungeon |    421 |    421 |      0 |      0 |    338 |   1 |  421.0 |
               +--------+--------+--------+--------+--------+-----+--------+

Top non-repeatable levels by time:
     D:1: 421 daAuts
